 Dungeon Crawl Stone Soup version 0.30.1 (webtiles) character file.

Game seed: 437701280949966593

1846 sakkuzi the Cleaver (level 8, -13/74 HPs)
             Began as a Minotaur Berserker on July 12, 2023.
             Was a Priest of Trog.
             Mangled by a komodo dragon (20 damage)
             ... on level 6 of the Dungeon.
             The game lasted 00:12:04 (5445 turns).

sakkuzi the Cleaver (Minotaur Berserker)            Turns: 5445, Time: 00:12:04

Health: -13/74     AC: 14    Str: 23    XL:     8   Next: 88%
Magic:  7/7        EV:  7    Int:  7    God:    Trog [***...]
Gold:   377        SH:  0    Dex: 14    Spells: 7/7 levels left

rFire   . . .        a - +0 hand axe
rCold   . . .        (no shield)
rNeg    . . .        z - +0 plate armour
rPois   .            (helmet restricted)
rElec   .            (no cloak)
rCorr   .            (no gloves)
SInv    .            h - +0 pair of boots
Will    ++...        y - amulet "Xemnouwk" {RegenMP Int+3 Dex+3} Stlth
                     (no ring)
HPRegen 1.32/turn    (no ring)
MPRegen 0.50/turn

%: no passive effects
@: strong-willed, on berserk cooldown, regenerating, slowed, very slow
A: horns 2, retaliatory headbutt
a: Renounce Religion, Berserk, Trog's Hand


You were on level 6 of the Dungeon.
You worshipped Trog.
Trog was most pleased with you.
You visited 1 branch of the dungeon, and saw 6 of its levels.

You collected 377 gold pieces.

Inventory:

Hand Weapons
 a - a +0 hand axe (weapon)
 c - a +0 sling
Missiles
 g - 29 stones (quivered)
Armour
 h - a +0 pair of boots (worn)
 z - a +0 plate armour (worn)
Jewellery
 m - a ring of fire
 y - the amulet "Xemnouwk" (around neck) {RegenMP Int+3 Dex+3}
   (You found it on level 5 of the Dungeon)

   [amulet of magic regeneration]

   It increases your rate of magic regeneration.
   Int:       It affects your intelligence (+3).
   Dex:       It affects your dexterity (+3).
Scrolls
 b - 3 scrolls of teleportation {unknown}
 d - 5 scrolls of vulnerability {unknown}
 f - a scroll of fear {unknown}
 i - 3 scrolls of identify {unknown}
 k - a scroll of immolation {unknown}
 l - 2 scrolls of noise {unknown}
 n - a scroll of blinking {unknown}
 q - 2 scrolls of magic mapping {unknown}
 s - a scroll of fog {unknown}
 t - a scroll of amnesia {unknown}
 v - a scroll of enchant weapon {unknown}
Potions
 e - 12 potions of curing {unknown}
 j - 4 potions of might {unknown}
 o - a potion of haste {unknown}
 p - 2 potions of mutation {unknown}
 r - a potion of heal wounds {unknown}
 u - 2 potions of lignification {unknown}
 w - 2 potions of invisibility {unknown}
 x - a potion of degeneration {unknown}
 A - a potion of attraction {unknown}


   Skills:
 + Level 7.8 Fighting
 * Level 10.4 Axes
 + Level 7.3 Armour
 - Level 2.2 Dodging


You had 7 spell levels left.
You didn't know any spells.
Your spell library was empty.

Dungeon Overview and Level Annotations

Branches:
Dungeon (6/15)
 Temple: D:4-7

Altars:
Elyvilon
Xom
Zin

Shops:
D:5 *

Annotations:
D:6 2 runed translucent doors


Innate Abilities, Weirdness & Mutations

You have a pair of horns on your head.
You reflexively headbutt those who attack you in melee.


Message History

The sky beast attacks as you move away! The sky beast completely misses you.
You furiously retaliate!
You headbutt the sky beast!
The sky beast hits you but does no damage.
Okay, then.
Okay, then.
The sky beast hits you. The sky beast shocks you.
You closely miss the sky beast.
The sky beast is severely wounded.
The sky beast hits you but does no damage.
You hit the sky beast but do no damage.
The sky beast is severely wounded.
The sky beast completely misses you.
You hit the sky beast. Your headbutt misses the sky beast.
The sky beast is severely wounded.
The sky beast flickers out of sight!
Something hits you. Something shocks you.
You miss something. Something hits you but does no damage.
Okay, then.
You barely miss something. You headbutt something.
Something hits you but does no damage.
You miss something. Something hits you but does no damage.
A sky beast appears from thin air!
Reactivating autopickup.
The sky beast barely misses you. You furiously retaliate!
You headbutt the sky beast.
You kill the sky beast!
Trog accepts your kill. The komodo dragon bites you!!
Your skin crawls.
You feel strong-willed. The komodo dragon bites you!
You hit the komodo dragon. You punch the komodo dragon.
The komodo dragon is lightly wounded.
The komodo dragon bites you!!
* * * LOW HITPOINT WARNING * * *
Okay, then.
Okay, then.
You hit the komodo dragon. You headbutt the komodo dragon.
The komodo dragon is moderately wounded.
The komodo dragon bites you!!
You die...

######## #.)....####
###)####{†..#
#.l...#####.#
#.........###l########
#....[./....#..@.......
######
##...#####...##.........
#..... #....
....#......... #.....
#... ....#.........
#..... #$..
..!#.....<... #..... #
...#.........# #..... #
#.........# #..... #
##.........# #..... #
#...[......####.....


You could see a komodo dragon.

Vanquished Creatures
  2 steam dragons
  A water moccasin (D:5)
  2 ice beasts (D:6)
  A sky beast (D:6)
  3 ogres
  A centaur (D:5)
  2 phantoms (D:5)
  2 scorpions (D:6)
  2 howler monkeys (D:4)
  6 hounds
  2 orc priests
  2 iguanas
  An orc wizard (D:5)
  4 gnolls (D:2)
  7 adders
  An ufetubus (D:5)
  3 worms
  3 dart slugs
  18 orcs
  7 ball pythons
  4 endoplasms
  2 giant cockroaches
  3 hobgoblins
  7 jackals
  4 quokkas
  6 bats
  5 frilled lizards
  7 goblins
  6 kobolds
  2 rats
116 creatures vanquished.

Notes
Turn   | Place    | Note
-------+----------+-------------------------------------------
     0 | D:1      | sakkuzi the Minotaur Berserker began the quest for the Orb.
     0 | D:1      | Reached XP level 1. HP: 19/19 MP: 0/0
    97 | D:1      | Reached skill level 4 in Axes
   108 | D:1      | Reached XP level 2. HP: 27/27 MP: 1/1
   585 | D:2      | Reached XP level 3. HP: 18/33 MP: 2/2
   667 | D:2      | Reached ** piety under Trog
   808 | D:2      | Reached XP level 4. HP: 31/41 MP: 3/3
   810 | D:2      | Reached skill level 5 in Axes
  1415 | D:3      | Found a shimmering altar of Xom.
  1424 | D:3      | Reached XP level 5. HP: 47/47 MP: 4/4
  1829 | D:3      | Found a white marble altar of Elyvilon.
  1993 | D:4      | Reached skill level 5 in Fighting
  1993 | D:4      | Reached skill level 6 in Axes
  2087 | D:4      | Reached *** piety under Trog
  2767 | D:4      | Reached XP level 6. HP: 56/56 MP: 5/5
  2930 | D:5      | Entered Level 5 of the Dungeon
  2944 | D:5      | Found Zin's Purification Station.
  2948 | D:5      | Found a glowing silver altar of Zin.
  3322 | D:5      | Noticed a steam dragon
  3331 | D:5      | Killed a steam dragon
  3332 | D:5      | Reached skill level 7 in Axes
  3332 | D:5      | Reached skill level 5 in Armour
  3332 | D:5      | Reached XP level 7. HP: 34/62 MP: 6/6
  4122 | D:5      | Reached skill level 8 in Axes
  4273 | D:5      | Identified the +3 whip "Xyxke" {venom, rF+ rC+ Will+}
  4297 | D:5      | Identified the amulet "Xemnouwk" {RegenMP Int+3 Dex+3}
  4548 | D:6      | Reached XP level 8. HP: 36/71 MP: 7/7
  4757 | D:6      | Reached skill level 9 in Axes
  5163 | D:6      | Found a large runed translucent door.
  5163 | D:6      | Found a large runed translucent door.
  5349 | D:6      | Noticed a komodo dragon
  5389 | D:6      | Reached skill level 10 in Axes
  5445 | D:6      | Mangled by a komodo dragon

Illustrated notes

Levels and vault maps discovered:
D:1:      lightli_arrival_quake, layout_rooms
D:2:      layout_rooms, minmay_liquid_box, minivault_24
D:3:      layout_rooms, nicolae_elyvilon_peaceful_grove, lemuel_crystal_altar,
          minmay_misc_feat_plants
D:4:      layout_basic
D:5:      layout_basic, zin_purify, st_stairs_7
D:6:      layout_basic, ebering_ghost_disaster_area, roderic_lattice_a,
          grunt_potential

Skill      XL: |  1  2  3  4  5  6  7  8 |
---------------+-------------------------+-----
Axes           | 4 5 6 7 8 10 | 10.4
Fighting       | 4 5 6 7 |  7.8
Armour         | 3 4 5 6 7 |  7.3
Dodging        | |  2.2

Action                     |  1- 3 |  4- 6 |  7- 9 || total
---------------------------+-------+-------+-------++-------
  Melee: Hand axe          |    63 |   131 |   119 ||   313
         Headbutt          |     8 |    20 |    22 ||    50
         Punch             |       |       |     2 ||     2
 Invoke: Berserk           |       |     1 |     3 ||     4
         Trog's Hand       |       |       |     2 ||     2
   Stab: Sleeping          |     1 |       |       ||     1
 Armour: Animal skin       |    18 |     7 |       ||    25
         Scale mail        |       |     7 |       ||     7
         Chain mail        |       |    19 |    24 ||    43
         Leather armour    |       |     1 |       ||     1
         Plate armour      |       |       |    40 ||    40
  Dodge: Dodged            |    41 |    84 |    34 ||   159
